Map: Deathaura LE

Players

HeroMarine - Winner!

  • Race: Terran Terran
  • League: Master
  • Spawn Location: 5:00

TLHarstem (Harstem)

  • Race: Protoss Protoss
  • League: Master
  • Spawn Location: 11:00

Event: DreamHack SC2 Masters 2020 Summer Europe

VOD

Have the link to the VOD?

Description

Time

  • Played on: June 30, 2020, 2:07 p.m.
  • Length: 11:28

All games in this series

Show
View Real Time Build Order
Export as new Build Order

HeroMarine Terran - Winner!

Build Orders: 1/1/1, Widow Mine Drop 

Get SALT Encoding   

  12  0:00  SCV  
  13  0:12  SCV  
  14  0:16  Supply Depot  
  14  0:25  SCV  
  15  0:38  SCV  
  15  0:39  Barracks  
  16  0:43  Refinery  
  16  0:50  SCV  
  17  0:58  Refinery  
  17  1:02  SCV  
  18  1:05  Supply Depot  
  18  1:14  SCV  
  19  1:28  Orbital Command  
  19  1:35  Factory  
  19  1:42  Reaper  
  20  1:53  SCV  
  21  2:06  SCV  
  22  2:15  Barracks Reactor  
  22  2:18  SCV  
  22  2:19  Widow Mine  
  22  2:20  Starport  
  25  2:23  Supply Depot  
  25  2:30  SCV  
  26  2:40  Widow Mine  
  26  2:42  SCV  
  29  2:53  Marine x2  
  29  2:56  Medivac  
  34  3:02  Widow Mine  
  35  3:09  Command Center  
  35  3:11  Marine x2  
  37  3:17  Supply Depot  
  37  3:21  SCV  
  37  3:25  Factory Tech Lab  
  38  3:28  Starport Tech Lab  
  38  3:32  Marine  
  39  3:38  SCV, Marine  
  41  3:44  Siege Tank  
  44  3:54  Raven  
  46  3:56  Barracks  
  46  4:02  SCV  
  47  4:18  SCV  
  47  4:20  Marine  
  47  4:21  Marine  
  48  4:28  Barracks  
  48  4:30  Siege Tank  
  48  4:31  SCV  
  51  4:38  Marine x2  
  51  4:43  SCV  
  51  4:45  Orbital Command  
  54  4:54  Liberator  
  54  4:55  SCV  
  58  5:01  Stimpack  
  58  5:02  Marine  
  58  5:05  Marine  
  60  5:07  SCV  
  60  5:08  Supply Depot  
  60  5:11  SCV  
  62  5:16  Refinery  
  62  5:22  Supply Depot  
  62  5:23  Factory Reactor  
  62  5:29  Marine x4  
  62  5:30  SCV x2  
  62  5:35  Combat Shield  
  68  5:41  Supply Depot  
  68  5:42  SCV x2  
  70  5:46  Supply Depot  
  70  5:47  Marine x2  
  70  5:49  Marauder  
  74  5:51  Marauder  
  74  5:54  SCV x2  
  76  6:06  SCV x2  
  76  6:10  Medivac, Marauder, Widow Mine x2  
  86  6:11  Marine  
  86  6:12  Marine  
  86  6:13  Marauder  
  90  6:18  Supply Depot  
  90  6:20  SCV x2  
  92  6:31  Command Center  
  92  6:33  SCV x2  
  94  6:41  Factory Reactor, Engineering Bay  
  94  6:42  Engineering Bay  
  94  6:45  SCV x2  
  96  6:49  Supply Depot, Marine x2  
  96  6:52  Marauder  
  100  6:55  Marauder  
  102  7:07  Marine x2  
  102  7:10  SCV x2  
  102  7:14  Marauder  
  106  7:16  Marauder  
  106  7:20  Terran Infantry Weapons Level 1, Terran Infantry Armor Level 1  
  106  7:22  SCV x2, Refinery  
  105  7:25  Marine x2  
  102  7:33  Widow Mine  
  102  7:34  Medivac, Widow Mine  
  102  7:35  Marauder  
  110  7:42  Medivac  
  110  7:43  Marauder, Marine x2  
  114  7:49  SCV x2  
  94  7:57  Marauder  
  93  8:01  Marine x2  
  93  8:02  SCV x2  
  93  8:04  Marauder  
  103  8:11  Barracks  
  103  8:12  Starport, Barracks  
  99  8:14  SCV x2  
  99  8:17  Factory Reactor  
  99  8:18  Marauder  
  103  8:21  Medivac x2  
  103  8:24  Marine  
  103  8:25  Marine  
  103  8:26  SCV x2, Marauder  
  113  8:27  Orbital Command  
  113  8:41  SCV x2  
  115  8:43  Refinery x2  
  115  8:44  Marauder, Marine  
  115  8:45  Marine  
  115  8:47  Marauder  
  121  8:53  SCV x2  
  116  8:58  Marine x2  
  116  8:59  Viking  
  116  9:00  Viking  
  118  9:05  SCV x2, Marauder  
  118  9:08  Marauder  
  118  9:09  Barracks Tech Lab  
  124  9:12  Marine  
  124  9:16  Supply Depot x2  
  125  9:17  Viking x2, Marine  
  125  9:20  Marine  
  125  9:21  Marine  
  132  9:26  Supply Depot  
  132  9:27  Marauder  
  132  9:29  Viking  
  132  9:30  Viking  
  132  9:31  Marauder  
  140  9:36  Marine  
  140  9:37  Marine  
  140  9:38  Marauder  
  144  9:42  Supply Depot  
  144  9:44  Supply Depot  
  144  9:47  Concussive Shells, Liberator x2  
  144  9:48  Marauder  
  144  9:52  Marauder  
  154  9:54  Marine x3  
  154  9:55  Marine  
  158  10:00  Liberator  
  158  10:01  Supply Depot  
  158  10:02  Supply Depot  
  161  10:08  Marauder  
  161  10:10  Marauder  
  165  10:14  Marine, Liberator  
  165  10:15  Marine x3  
  165  10:16  Marauder  
  165  10:19  Supply Depot  
  166  10:30  Marauder, Marine, Liberator  
  166  10:32  Marine x2  
  164  10:43  Liberator x2  
  164  10:45  Marauder  
  164  10:46  Marine x2  
  164  10:48  Ghost Academy  
  164  10:49  Marauder  
  176  10:50  Marine x2  
  176  10:55  Marauder  
  180  11:06  Marauder  
Show
View Real Time Build Order
Export as new Build Order

TLHarstem Protoss 

Build Orders: 1 Gate Expand 

Get SALT Encoding   

  12  0:00  Probe  
  13  0:12  Probe  
  14  0:19  Pylon  
  14  0:25  Probe  
  15  0:34  Probe  
  15  0:37  Gateway  
  15  0:42  Probe  
  16  0:48  Assimilator  
  17  0:52  Probe  
  18  1:05  Probe  
  19  1:17  Probe  
  20  1:26  Cybernetics Core  
  20  1:32  Nexus  
  20  1:39  Pylon  
  20  1:42  Probe  
  21  1:48  Assimilator  
  21  1:52  Adept  
  21  1:54  Probe  
  22  2:02  Warp Gate  
  22  2:06  Probe  
  25  2:13  Stalker  
  25  2:18  Probe  
  28  2:30  Probe  
  28  2:36  Robotics Facility  
  29  2:39  Shield Battery  
  29  2:42  Probe, Stalker  
  30  2:47  Probe  
  33  2:54  Probe  
  34  2:59  Probe  
  34  3:01  Gateway  
  34  3:05  Sentry  
  35  3:07  Probe  
  35  3:11  Probe  
  39  3:16  Gateway  
  39  3:19  Probe  
  40  3:21  Pylon  
  40  3:23  Probe, Observer  
  42  3:31  Probe  
  43  3:36  Probe  
  44  3:43  Probe, Assimilator  
  44  3:46  Observer  
  44  3:48  Probe  
  47  3:54  Nexus  
  47  3:56  Stalker  
  47  3:59  Probe  
  50  4:03  Probe  
  50  4:04  Pylon  
  50  4:08  Stalker  
  53  4:10  Phoenix  
  51  4:18  Probe  
  51  4:22  Probe  
  52  4:27  Probe  
  52  4:29  Adept  
  54  4:32  Probe  
  54  4:36  Probe  
  55  4:44  Probe  
  57  4:50  Stalker x2  
  61  4:53  Probe  
  61  4:54  Pylon  
  61  4:58  Immortal, Pylon  
  62  5:05  Probe  
  67  5:14  Probe  
  67  5:19  Robotics Bay  
  67  5:20  Probe x2  
  70  5:25  Stalker  
  70  5:26  Probe  
  73  5:31  Probe  
  73  5:32  Probe  
  73  5:35  Probe  
  74  5:38  Stalker  
  74  5:39  Probe  
  77  5:43  Probe, Observer  
  77  5:44  Probe  
  77  5:48  Probe, Stalker  
  77  5:49  Pylon  
  83  5:50  Forge  
  83  5:53  Probe  
  83  5:56  Probe  
  86  6:00  Probe  
  86  6:02  Colossus  
  85  6:11  Zealot x3  
  92  6:16  Pylon  
  92  6:17  Protoss Ground Weapons Level 1  
  92  6:18  Probe  
  97  6:23  Probe  
  97  6:24  Shield Battery  
  98  6:26  Probe  
  98  6:29  Extended Thermal Lance  
  98  6:30  Probe  
  100  6:33  Pylon  
  100  6:38  Shield Battery  
  101  6:41  Shield Battery  
  101  6:42  Zealot x2  
  101  6:45  Twilight Council, Probe  
  106  6:49  Probe  
  106  6:50  Probe  
  106  6:51  Pylon  
  107  6:55  Zealot  
  107  6:57  Probe  
  107  6:58  Assimilator  
  107  6:59  Assimilator  
  110  7:04  Colossus  
  115  7:12  Zealot x2  
  119  7:21  Probe  
  119  7:22  Probe  
  104  7:23  Pylon  
  104  7:26  Probe  
  104  7:28  Sentry  
  95  7:33  Probe  
  95  7:34  Probe  
  95  7:35  Stalker  
  95  7:39  Probe  
  95  7:41  Zealot  
  92  7:45  Probe  
  92  7:46  Probe  
  92  7:48  Probe  
  92  7:51  Stalker  
  81  7:56  Probe  
  81  7:58  Probe x2, Shield Battery  
  80  8:04  Probe  
  82  8:07  Probe  
  82  8:10  Probe  
  82  8:11  Photon Cannon  
  82  8:12  Probe  
  85  8:15  Probe, Stalker  
  85  8:17  Stalker  
  85  8:18  Probe  
  91  8:21  Probe, Protoss Ground Weapons Level 2  
  91  8:23  Assimilator  
  91  8:24  Charge  
  91  8:25  Probe  
  91  8:26  Probe, Sentry  
  98  8:36  Probe  
  98  8:39  Probe, Pylon  
  100  8:42  Stalker  
  100  8:43  Probe  
  100  8:45  Stalker  
  96  8:56  Stalker  
  96  8:58  Probe  
  96  9:00  Probe  
  99  9:03  Probe  
  99  9:05  Robotics Facility  
  99  9:08  Stalker  
  102  9:10  Probe  
  102  9:12  Probe  
  102  9:13  Pylon  
  102  9:15  Assimilator  
  102  9:17  Gateway  
  104  9:19  Gateway  
  104  9:23  Stalker  
  106  9:25  Templar Archives  
  106  9:35  Gateway x2  
  106  9:36  Gateway  
  106  9:38  Pylon  
  106  9:41  Gateway  
  106  9:42  Gateway  
  106  9:47  Zealot x3  
  106  9:48  Colossus  
  112  9:57  Pylon  
  118  10:06  Pylon  
  118  10:07  High Templar x2  
  118  10:08  Zealot  
  118  10:11  Pylon x2, Archon  
  124  10:15  High Templar x2  
  128  10:25  Archon  
  127  10:30  Zealot x3  
  133  10:37  Nexus  
  133  10:42  Zealot x5  
  131  10:49  High Templar x2  
  139  10:50  Pylon  
  139  10:54  Archon  
  139  10:55  High Templar x2  
  139  10:56  Zealot  
  145  11:00  Archon  
  145  11:04  Pylon  
  143  11:13  Stalker x3  
  143  11:14  Stalker x2  
Tags
 
Add a new tag
Caveats
  • Supply blocks, unpowered buildings, or Contaminate may cause inaccurate times.
  • Supply counts are checked every 10 seconds.